 Dungeon Crawl Stone Soup version 0.22-a0-393-g7f50228 (webtiles) character file.

119 JeffiDaFish the Firebug (level 4, -1/33 HPs)
             Began as a Draconian Fire Elementalist on May 2, 2018.
             Slain by a crimson imp (4 damage)
             ... summoned by Natasha
             ... on level 2 of the Dungeon.
             The game lasted 00:06:48 (2737 turns).

JeffiDaFish the Firebug (DrFE)                      Turns: 2737, Time: 00:06:49

Health: -1/33      AC:  5    Str: 13    XL:     4   Next: 73%
Magic:  0/8        EV: 12    Int: 16    God:
Gold:   54         SH:  0    Dex: 11    Spells: 4/8 levels left

rFire    . . .     SeeInvis .   g - +0 short sword
rCold    . . .     Gourm    .   (no shield)
rNeg     . . .     Faith    .   (armour unavailable)
rPois    .         Spirit   .   (helmet restricted)
rElec    .         Reflect  .   (no cloak)
rCorr    .         Harm     .   (no gloves)
MR       .....                  (no boots)
Stlth    ++........             (no amulet)
HPRegen  0.11/turn              c - +2 ring of strength
MPRegen  0.11/turn              (no ring)

@: no status effects
A: unfitting armour, cold-blooded, AC +5
a: no special abilities


You were on level 2 of the Dungeon.
You were hungry.

You visited 1 branch of the dungeon, and saw 2 of its levels.

You collected 54 gold pieces.

Inventory:

Hand Weapons
 g - a +0 short sword (weapon)
Jewellery
 a - a +2 amulet of reflection {unknown}
 c - a +2 ring of strength (left hand)
Scrolls
 d - a scroll of identify
 e - 2 scrolls of fog
Potions
 f - a potion of curing
Comestibles
 b - a ration


   Skills:
 - Level 2.1 Dodging
 - Level 1.7 Stealth
 + Level 2.8 Spellcasting
 * Level 3.0 Conjurations
 + Level 3.7 Fire Magic


You had 4 spell levels left.
You knew the following spells:

 Your Spells              Type           Power        Failure   Level  Hunger
a - Flame Tongue          Conj/Fire      ##...        4%          1    #......
b - Conjure Flame         Conj/Fire      ##......     14%         3    ###....


Dungeon Overview and Level Annotations

Branches:
Dungeon (2/15)

Altars:
Qazlal

Annotations:
D:2 Natasha


Innate Abilities, Weirdness & Mutations

Your plain brown scales are hard. (AC +5)
You cannot fit into any form of body armour.
You are cold-blooded and may be slowed by cold attacks.


Message History

The crimson imp barely misses you. The iron imp closely misses you.
Natasha extends her claws.
Natasha barely misses you.
You hit Natasha but do no damage.
Natasha is heavily wounded.
The crimson imp barely misses you. The iron imp closely misses you.
Natasha claws you.
The crimson imp hits you but does no damage.
You hit Natasha but do no damage.
Natasha is heavily wounded.
The iron imp closely misses you. Natasha claws you!
The crimson imp hits you but does no damage.
You closely miss Natasha.
Your tail-slap misses Natasha.
Natasha is heavily wounded.
The iron imp hits you!
* * * LOW HITPOINT WARNING * * *
Natasha claws you.
* * * LOW HITPOINT WARNING * * *
The crimson imp hits you.
You die...

.##..#.........h.5.........
..)..#.......#####5........
<#...#........# #.########
.#...#........## #.#
.#...#.....##..# #h#
.....#...(.###h# #.# #§§§§§§§
#....#.##### #5# #.# #§§§§§§§
.....#.#######)###.### #§§§§§§§
.....#.#........@h5..# #§§§§§8§
######.#..(.....55...#####§§§§###
#.#....(........##..#§§§§#_#
#.#.............##..#§§§§#.#
#...............##..#§§§§#.#
###.............##..#§§§§#.#
#.............##..######.#
##########..####...# ##...
##..####...###....


You could see 2 iron imps, Natasha and a crimson imp.

Vanquished Creatures
  Natasha (D:2)
  Terence (D:2)
  3 adders (D:2)
  A worm (D:2)
  3 dart slugs (D:1)
  3 leopard geckos
  A ball python (D:1)
  3 giant cockroaches
  3 goblins
  4 hobgoblins
  2 jackals
  A bat (D:1)
  2 frilled lizards (D:1)
  2 kobolds (D:2)
  6 rats
36 creatures vanquished.

Notes
Turn   | Place    | Note
-------+----------+-------------------------------------------
     0 | D:1      | JeffiDaFish the Draconian Fire Elementalist began the quest for the Orb.
     0 | D:1      | Reached XP level 1. HP: 14/14 MP: 3/3
   387 | D:1      | Reached XP level 2. HP: 20/20 MP: 1/5
  1677 | D:2      | Reached XP level 3. HP: 18/26 MP: 0/6
  1778 | D:1      | Learned a level 3 spell: Conjure Flame
  2288 | D:2      | Noticed Natasha
  2293 | D:2      | Killed Natasha
  2293 | D:2      | Reached XP level 4. HP: 33/33 MP: 2/7
  2385 | D:2      | Found a stormy altar of Qazlal.
  2599 | D:2      | Noticed Terence
  2660 | D:2      | Noticed Natasha
  2697 | D:2      | Killed Terence
  2737 | D:2      | Slain by a crimson imp

Vault maps used:
D:1:      enne_arrival_octagon_isle, minmay_door_square
D:2:      nicolae_qazlal_eye_of_the_storm, uniq_terence, uniq_sigmund,
          uniq_natasha

Skill      XL: |  1  2  3  4 |
---------------+-------------+-----
Dodging        | 2 |  2.1
Conjurations   | 2 3 |  3.0
Stealth        | |  1.7
Spellcasting   | |  2.8
Fire Magic     | |  3.7

Action                   |  1- 3 |  4- 6 || total
-------------------------+-------+-------++-------
Melee: Unarmed           |    81 |       ||    81
       Tailslap          |     7 |     1 ||     8
       Short sword       |       |    11 ||    11
 Cast: Flame Tongue      |    57 |    24 ||    81
       Conjure Flame     |       |     2 ||     2
  Use: Scroll            |     4 |     1 ||     5
       Potion            |     1 |       ||     1
 Stab: Sleeping          |     1 |       ||     1
  Eat: Chunk             |     5 |     1 ||     6
Armor: Skin              |    41 |     7 ||    48
Dodge: Dodged            |    65 |    25 ||    90

Table legend:
 A = Spawn XP
 B = Non-spawn XP
 C = Spawn XP percentage of total XP
 D = Spawn monster count
 E = Non-spawn monster count
 F = Spawn count percentage of total count
 G = Total turns spent on level
                    A         B        C        D         E        F      G
               +---------+---------+-------+---------+---------+-------+---------
         Total |       0 |     170 |   0.0 |       0 |      36 |   0.0 |  2737
               +---------+---------+-------+---------+---------+-------+---------
           D:1 |       0 |      41 |   0.0 |       0 |      20 |   0.0 |  2025
           D:2 |       0 |     129 |   0.0 |       0 |      16 |   0.0 |   712
               +---------+---------+-------+---------+---------+-------+---------
